 Dungeon Crawl Stone Soup version 0.13.0-25-g43d4df3 (webtiles) character file.

3502 Leibowitz the Nimble (level 10, -10/90 HPs)
             Began as a Kobold Berserker on Oct 27, 2013.
             Was an Elder of Trog.
             Killed by the air
             ... invoked by Gastronok
              (14 damage)
             ... on Level 8 of the Dungeon.
             The game lasted 00:29:31 (6985 turns).

Leibowitz the Nimble (Kobold Berserker)             Turns: 6985, Time: 00:29:31

HP -10/90        AC 11     Str 23      XL: 10   Next: 12%
MP   8/8         EV 21     Int  5      God: Trog [****..]
Gold 426         SH  0     Dex 17      Spells:  0 memorised,  9 levels left

Res.Fire  : . . .   See Invis. : .   a - +2,+4 orc dagger
Res.Cold  : . . .   Warding    : .   e - +0 leather armour
Life Prot.: . . .   Conserve   : .   (no shield)
Res.Poison: .       Res.Corr.  : .   k - +1 winged helmet
Res.Elec. : .       Clarity    : .   i - +0 cloak
Sust.Abil.: . .     Spirit.Shd : .   g - +0 pair of gloves
Res.Mut.  : .       Stasis     : .   (no boots)
Res.Rott. : .       Flight     : .   (no amulet)
Saprovore : + + .                    q - +3 ring of protection
                                     j - ring of protection from magic

@: berserking (expiring), very quick, quite resistant to hostile enchantments,
extremely unstealthy
A: disease resistance, carnivore 3, fast metabolism 2, -10% mp, saprovore 2
a: Burn Spellbooks, Berserk, Trog's Hand, Brothers in Arms, Renounce Religion


You were on level 8 of the Dungeon.
You worshipped Trog.
Trog was greatly pleased with you.
You were hungry.

You visited 1 branch of the dungeon, and saw 8 of its levels.

You collected 406 gold pieces.

Inventory:

Hand weapons
 a - a +2,+4 orcish dagger (weapon)
 b - a +0 blowgun
 n - a cursed +1,+1 dagger of freezing (quivered)
 u - a +0,+0 short sword
Missiles
 l - 46 poisoned needles
Armour
 e - a +0 leather armour (worn)
 g - a +0 pair of gloves (worn)
 i - a +0 cloak (worn)
 k - a +1 winged helmet (worn)
Magical devices
 r - a wand of random effects (11)
Comestibles
 c - 2 meat rations
Scrolls
 h - 2 scrolls of blinking
 m - a scroll of recharging {unknown}
 p - 12 scrolls of remove curse
 t - a scroll of teleportation
 v - a scroll of vulnerability
 z - 2 scrolls of fear
 B - 2 scrolls of identify
Jewellery
 j - a ring of protection from magic (left hand)
 q - a +3 ring of protection (right hand)
Potions
 o - 4 potions of curing
 w - 4 potions of heal wounds
 x - a potion of might
 A - 2 potions of brilliance
Books
 s - a book of Beasts

   Spells                             Type                      Level
   Summon Butterflies                 Summoning                    1
   Sticks to Snakes                   Transmutation                2
   Call Canine Familiar               Summoning                    3
   Ice Form                           Ice/Transmutation            4
   Summon Ice Beast                   Ice/Summoning                4
   Summon Hydra                       Summoning                    7
   Trog disapproves of the use of such an item.
 y - a book of Ice

   Spells                             Type                      Level
   Freezing Aura                      Charms/Ice                   2
   Ensorcelled Hibernation            Hexes/Ice                    2
   Ozocubu's Refrigeration            Ice                          6
   Bolt of Cold                       Conjuration/Ice              6
   Freezing Cloud                     Conjuration/Ice/Air          6
   Metabolic Englaciation             Hexes/Ice                    6
   Simulacrum                         Ice/Necromancy               6
   Trog disapproves of the use of such an item.


   Skills:
 * Level 7.1 Fighting
 + Level 8.1 Short Blades
 + Level 3.8 Armour
 + Level 9.8 Dodging
 * Level 8.4 Stealth
 + Level 0.3 Evocations


You had 9 spell levels left.
You didn't know any spells.

Dungeon Overview and Level Annotations

Branches:
Dungeon (8/27)             Temple (0/1) D:6
    Orc: D:6-11        Lair: D:8-13

Altars:
Ashenzari
Xom
Zin

Portals:
Ziggurat: D:4 (4810 gp)

Annotations:
D:8 Gastronok


Innate Abilities, Weirdness & Mutations

You recuperate from illness quickly.
You are small and have problems with some larger weapons.
You are carnivorous and can eat meat at any time.
You can eat rotten meat.
You have a very fast metabolism.
Your magical capacity is low (-10% MP).


Message History

Gastronok is heavily wounded.
You slash Gastronok!
Gastronok is severely wounded.
You slash Gastronok!
Gastronok is severely wounded.
Gastronok bites you!
* * * LOW HITPOINT WARNING * * *
You puncture Gastronok!
Gastronok is almost dead.
You slash Gastronok!
Gastronok is almost dead.
You hit Gastronok.
Gastronok is almost dead.
You slash Gastronok!
Gastronok is almost dead.
You completely miss Gastronok.
Gastronok is almost dead.
Gastronok waves his eye-stalks in wide circles.
The air twists around and strikes you!
You die...

........#
#.####..###
#########
#####.##......#
#...........#.#.#
#.###.##.......... #
#.##.#..#.#.#
####.###.......#.#.#
#.......###.#.## # .
#.##.##.# #..... #@#
###.### #j# .... #.#
...# #.# . ..# ###


You could see Gastronok.

Vanquished Creatures
  A hungry ghost (D:8)
  Edmund (D:6)
  4 wolves (D:8)
  2 necrophages
  An ice beast (D:8)
  2 ogres
  4 phantoms
  2 centaurs
  The ghost of Bloax the Chiller, an average DEIE (D:4)
  The ghost of Bloax the Chiller, an average GrIE (D:3)
  4 giant frogs
  3 wights (D:7)
  4 crimson imps
  2 goliath beetles (D:8)
  4 hounds
  A quasit (D:8)
  A giant frog skeleton (D:4)
  2 scorpions
  An orc priest (D:4)
  A worker ant (D:6)
  3 orc wizards (D:6)
  An iguana (D:4)
  Jessica (D:3)
  A mummy (D:8)
  8 adders
  An inept item mimic (D:2)
  2 white imps (D:8)
  An iguana skeleton (D:6)
  A scorpion zombie (D:8)
  2 giant geckos
  2 oozes
  5 orcs
  10 bats
  5 giant cockroaches
  9 goblins
  8 hobgoblins
  5 jackals
  19 kobolds
  2 quokkas (D:2)
  7 ball pythons
  3 giant newts
  5 kobold skeletons
  A kobold zombie (D:7)
  An orc zombie (D:8)
  9 rats
  A rat skeleton (D:7)
155 creatures vanquished.

Notes
Turn   | Place    | Note
--------------------------------------------------------------
     0 | D:1      | Leibowitz, the Kobold Berserker, began the quest for the Orb.
     0 | D:1      | Reached XP level 1. HP: 14/14 MP: 0/0
   276 | D:1      | Reached XP level 2. HP: 19/19 MP: 1/1
   305 | D:1      | Reached skill level 1 in Stealth
   750 | D:1      | Reached XP level 3. HP: 17/24 MP: 2/2
   981 | D:2      | Acquired Trog's second power
  1345 | D:2      | Reached XP level 4. HP: 27/29 MP: 3/3
  1773 | D:3      | Noticed Bloax's ghost (average GrIE)
  1785 | D:3      | Killed Bloax's ghost
  1785 | D:3      | Reached XP level 5. HP: 33/33 MP: 4/4
  1844 | D:3      | Noticed Jessica
  1881 | D:3      | Killed Jessica
  2224 | D:3      | Found a glowing silver altar of Zin.
  2224 | D:3      | Noticed an angel
  2436 | D:4      | Found a gateway to a ziggurat.
  2436 | D:4      | Noticed an angel
  2471 | D:4      | Reached skill level 5 in Short Blades
  2471 | D:4      | Reached XP level 6. HP: 39/39 MP: 5/5
  2574 | D:4      | Noticed Bloax's ghost (average DEIE)
  2590 | D:4      | Killed Bloax's ghost
  2737 | D:4      | Reached skill level 5 in Dodging
  2832 | D:4      | Reached XP level 7. HP: 38/44 MP: 6/6
  3583 | D:5      | Entered Level 5 of the Dungeon
  3597 | D:5      | Reached skill level 5 in Fighting
  3738 | D:5      | Acquired Trog's third power
  3764 | D:5      | Found a shattered altar of Ashenzari.
  4045 | D:5      | Reached skill level 6 in Short Blades
  4045 | D:5      | Reached skill level 5 in Stealth
  4045 | D:5      | Reached XP level 8. HP: 27/49 MP: 7/7
  4328 | D:6      | Found a staircase to the Ecumenical Temple.
  4416 | D:6      | Found a shimmering altar of Xom.
  4467 | D:6      | Noticed Edmund
  4833 | D:6      | Killed Edmund
  4833 | D:6      | Reached skill level 7 in Dodging
  4979 | D:6      | Gained mutation: Your magical capacity is low (-10% MP). [potion of mutation]
  4979 | D:6      | Gained mutation: You have a fast metabolism. [potion of mutation]
  4979 | D:6      | Gained mutation: You have a very fast metabolism. [potion of mutation]
  5519 | D:7      | Reached XP level 9. HP: 42/54 MP: 7/7
  5802 | D:7      | Reached skill level 8 in Dodging
  6418 | D:8      | Reached skill level 9 in Dodging
  6685 | D:8      | Reached XP level 10. HP: 50/60 MP: 8/8
  6956 | D:8      | Noticed Gastronok
  6980 | D:8      | HP: 4/90 [Gastronok (23)]
  6985 | D:8      | Killed from afar by Gastronok

Action                   |  1- 3 |  4- 6 |  7- 9 | 10-12 || total
-------------------------+-------+-------+-------+-------++-------
Melee: Short sword       |   163 |   192 |       |       ||   355
       Dagger            |       |     6 |   557 |    93 ||   656
 Fire: Blowgun           |       |       |    34 |     6 ||    40
Invok: Berserk           |       |     3 |     3 |     1 ||     7
       Trog's Hand       |       |       |     1 |       ||     1
Evoke: Wand              |       |       |     1 |       ||     1
  Use: Potion            |       |     6 |     4 |       ||    10
       Scroll            |       |       |    22 |       ||    22
 Stab: Sleeping          |     1 |       |    12 |     3 ||    16
